 Dungeon Sprint DCSS version 0.29.1-2-gbd0b4ee654 (webtiles) character file.

Game seed: 7818974047704414300

221 Zeld the Cleaver (level 5, 0/52 HPs)
             Began as a Minotaur Berserker on Oct 31, 2022.
             Was a Follower of Trog.
             Killed from afar by a deep elf pyromancer (24 damage)
             ... with a bolt of fire
             ... in the Dungeon (Sprint VII: "The Pits").
             The game lasted 00:00:15 (35 turns).

Zeld the Cleaver (Minotaur Berserker)                 Turns: 35, Time: 00:00:16

Health: 0/52       AC:  2    Str: 23    XL:     5   Next: 65%
Magic:  4/4        EV: 13    Int:  4    God:    Trog [*.....]
Gold:   0          SH:  0    Dex: 10    Spells: 4/4 levels left

rFire   . . .      SeeInvis .   a - +0 hand axe
rCold   . . .      Faith    .   (no shield)
rNeg    . . .      Spirit   .   b - +0 animal skin
rPois   .          Reflect  .   (helmet restricted)
rElec   .          Harm     .   (no cloak)
rCorr   .          Rampage  .   (no gloves)
Will    .....      NoTele   +   (no boots)
Stlth   +.........              (no amulet)
HPRegen 0.17/turn               (no ring)
MPRegen 0.09/turn               (no ring)

@: on berserk cooldown, slowed, very slow
A: horns 2, retaliatory headbutt
a: Renounce Religion, Berserk


You were in the Dungeon.
You worshipped Trog.
Trog was aware of your devotion.
You visited 1 branch

Inventory:

Hand Weapons
 a - a +0 hand axe (weapon)
Armour
 b - a +0 animal skin (worn)
Scrolls
 h - a scroll of blinking
Potions
 c - a potion of curing
 e - a potion of haste
 f - 2 potions of magic
 g - a potion of berserk rage


   Skills:
 + Level 7.2 Fighting
 * Level 9.6 Axes
 + Level 6.7 Armour
 + Level 6.1 Dodging


You had 4 spell levels left.
You didn't know any spells.
Your spell library was empty.

Dungeon Overview and Level Annotations

Branches:
Dungeon (1/1)

Altars:


Innate Abilities, Weirdness & Mutations

You have a pair of horns on your head.
You reflexively headbutt those who attack you in melee.


Message History

The steam dragon is heavily wounded.
The steam dragon bites you. The steam dragon misses you.
You barely miss the steam dragon.
The steam dragon is heavily wounded.
The steam dragon closely misses you. The steam dragon claws you.
Unknown command.
You closely miss the steam dragon. Your headbutt misses the steam dragon.
The steam dragon is heavily wounded.
You slash the steam dragon!
You kill the steam dragon!
Trog accepts your kill.
The steam dragon scales are intact enough to wear.
The deep elf pyromancer points at you and mumbles some strange words.
The bolt of fire hits you!!
Ouch! That really hurt!
Your Fighting skill gained 2 levels and is now at level 7!
Your Axes skill gained 2 levels and is now at level 9!
Your Armour skill increases to level 6!
Your Dodging skill gained 2 levels and is now at level 6!
You have reached level 5!
Unknown command.
You feel a strong urge to attack something.
You are no longer berserk.
You are exhausted.
You feel yourself slow down.
There is a huge open gate to the Metal Vault (Medium) here.
Okay, then.
Unknown command.
You feel much better.
You barely miss the deep elf pyromancer.
You headbutt the deep elf pyromancer!
The deep elf pyromancer is moderately wounded.
The deep elf pyromancer hits you with a +2 vorpal long sword!
An ice devil comes into view.
Unknown command.
You hit the deep elf pyromancer.
The deep elf pyromancer is moderately wounded.
The deep elf pyromancer gestures at you while chanting.
The bolt of fire hits you!!
You die...

##########++######
#................#
#......#..#......#
#................+
+................+
#......#..#......#
#................#
####'#####''######
#.......##'@#
#.......##.e##
#.......##...##
#...<...###.[.#
#.......#
##..4....
#.......# ..###+##
#.......# .##
######### eD ..


You could see an ice devil and a deep elf pyromancer.

Vanquished Creatures
  A steam dragon (D)
  A sky beast (D)
2 creatures vanquished.

Notes
Turn   | Place    | Note
-------+----------+-------------------------------------------
     0 | D        | Zeld the Minotaur Berserker began the quest for the Orb.
     0 | D        | Reached XP level 1. HP: 19/19 MP: 0/0
    16 | D        | Noticed a sky beast
    16 | D        | Noticed a steam dragon
    16 | D        | Noticed a deep elf pyromancer
    25 | D        | Killed a sky beast
    26 | D        | Reached skill level 5 in Fighting
    26 | D        | Reached skill level 7 in Axes
    26 | D        | Reached skill level 5 in Armour
    26 | D        | Reached XP level 2. HP: 30/30 MP: 1/1
    26 | D        | Reached XP level 3. HP: 37/37 MP: 2/2
    26 | D        | Reached XP level 4. HP: 44/44 MP: 3/3
    29 | D        | Killed a steam dragon
    30 | D        | Reached skill level 9 in Axes
    30 | D        | Reached XP level 5. HP: 24/52 MP: 4/4
    34 | D        | Noticed an ice devil
    35 | D        | Killed from afar by a deep elf pyromancer

Illustrated notes

Levels and vault maps discovered:
D:        pitsprint [storerooms_1, entrance_room_1, metal_vault_5, armoury_2,
          mini_pit_1, grid_room_1, main_hall_1, silver_pit, the_coven_2,
          the_vestibule_1, steel_vault_2, golden_pit, hallway_of_sentries,
          crystal_vault_1, iron_vault_5, final_vault]

Skill      XL: |  1  2  3  4 |
---------------+-------------+-----
Fighting       | 5 7 |  7.2
Axes           | 7 9 |  9.6
Armour         | 5 6 |  6.7
Dodging        | 4 6 |  6.1

Action                   |  1- 3 |  4- 6 || total
-------------------------+-------+-------++-------
Melee: Hand axe          |     6 |     6 ||    12
       Headbutt          |       |     1 ||     1
Invok: Berserk           |     1 |       ||     1
  Use: Potion            |       |     1 ||     1
Armor: Animal skin       |     1 |       ||     1
Dodge: Dodged            |     6 |     2 ||     8
